 Dungeon Crawl Stone Soup version 0.30-a0-719-gcc4359ea44 (webtiles) character file.

Game seed: 2373905438790033443

2127 browni3141 the Poker (level 9, 0/66 HPs)
             Began as a Mummy Cinder Acolyte on Jan 26, 2023.
             Was a Priest of Ignis.
             Slain by a hornet (10 damage)
             ... on level 8 of the Dungeon.
             The game lasted 00:11:29 (7258 turns).

browni3141 the Poker (Mummy Cinder Acolyte)         Turns: 7258, Time: 00:11:30

Health: 0/66       AC: 15    Str: 28    XL:     9   Next: 8%
Magic:  11/11      EV:  8    Int: 13    God:    Ignis [***...]
Gold:   529        SH:  0    Dex:  7    Spells: 8/10 levels left

rFire   . . .      SeeInvis .    C - +0 trident
rCold   + . .      Faith    +    (no shield)
rNeg    + + +      Spirit   .    w - +0 plate armour
rPois   ∞          Reflect  .    j - +1 hat
rElec   .          Harm     .    u - +0 cloak
rCorr   .          Rampage  .    h - +0 pair of gloves
Will    ++...                    (no boots) Stlth
                                 (no amulet)
HPRegen 0.31/turn                m - +6 ring of strength
MPRegen 0.12/turn                q - ring of willpower

@: no status effects
A: cold resistance 1, negative energy resistance 3, torment resistance 2, heat
vulnerability 1, in touch with death 1, no potions, faith
a: Renounce Religion, Fiery Armour, Foxfire Swarm, Rising Flame


You were on level 8 of the Dungeon.
You worshipped Ignis.
Ignis was most pleased with you.
You visited 1 branch of the dungeon, and saw 8 of its levels.
You also visited: Sewer.

You collected 529 gold pieces.

Inventory:

Hand Weapons
 a - a -1 spear of flaming
 C - a +0 trident (weapon)
Missiles
 d - 15 poisoned darts (quivered)
 o - 2 atropa-tipped darts
 p - 4 boomerangs
Armour
 b - a +0 robe
 g - a +0 chain mail
 h - a +0 pair of gloves (worn)
 j - a +1 hat (worn)
 u - a +0 cloak (worn)
 w - a +0 plate armour (worn)
Jewellery
 k - a ring of ice
 m - a +6 ring of strength (left hand)
 q - a ring of willpower (right hand)
 v - a +6 ring of intelligence
Wands
 x - a wand of charming (16)
 A - a wand of digging (3)
 D - a wand of polymorph (6)
Scrolls
 c - 4 scrolls of teleportation
 e - 7 scrolls of identify
 f - a scroll of silence
 i - 3 scrolls of blinking
 l - a scroll of magic mapping
 n - 3 scrolls of torment
 r - a scroll of enchant weapon {unknown}
 s - 2 scrolls of butterflies {unknown}
 t - 2 scrolls of poison {unknown}
 y - a scroll of acquirement {unknown}
 z - a scroll of noise {unknown}
 B - a scroll of amnesia {unknown}


   Skills:
 + Level 4.4 Fighting
 * Level 6.3 Polearms
 + Level 4.0 Throwing
 * Level 4.3 Armour
 + Level 2.5 Dodging
 + Level 2.7 Stealth
 - Level 1.3 Spellcasting
 - Level 2.4 Fire Magic
 + Level 1.5 Evocations


You had 8 spell levels left.
You knew the following spells:

 Your Spells              Type           Power      Damage    Failure   Level
a - Scorch                Fire           14%        2d5       86%         2

Your spell library contained the following spells:

 Spells                   Type           Power      Damage    Failure   Level
 Slow                     Hex            0%         N/A       97%         1
 Sting                    Tmut/Pois      0%         1d3       97%         1
 Summon Small Mammal      Summ           0%         N/A       97%         1
 Poisonous Vapours        Pois/Air       0%         N/A       99%         2
 Inner Flame              Hex/Fire       4%         N/A       99%         3
 Call Canine Familiar     Summ           0%         N/A       100%        3
 Confusing Touch          Hex            0%         N/A       100%        3
 Summon Guardian Golem    Hex/Summ       0%         N/A       100%        3
 Vampiric Draining        Necr           1%         2d6       100%        3
 Cause Fear               Hex            0%         N/A       100%        4
 Olgreb's Toxic Radiance  Pois           0%         N/A       100%        4
 Discord                  Hex            0%         N/A       100%        8


Dungeon Overview and Level Annotations

Branches:
Dungeon (8/15)             Temple (0/1) D:4           Sewer (visited)
   Lair: D:8-11

Altars:
Ashenzari
Dithmenos
Fedhas
Okawaru
Qazlal
Ru
Sif Muna
Trog
Uskayaw
Yredelemnul

Shops:
D:2 !(   D:3 ?


Innate Abilities, Weirdness & Mutations

You are immune to poison.
Your flesh is cold resistant. (rC+)
You are immune to negative energy. (rN+++)
You are immune to unholy pain and torment.
You are vulnerable to heat. (rF-)
You are in touch with the powers of death.
You do not drink.
You have a special connection with the divine. (Faith)


Message History

The hornet stings you but does no damage.
You barely miss the hornet.
The hornet is heavily wounded.
The hornet stings you! The hornet barely misses you.
You miss the hornet.
The hornet is heavily wounded.
The hornet barely misses you.
You closely miss the hornet.
The hornet is heavily wounded.
The hornet stings you! The hornet barely misses you.
You are too injured to fight recklessly!
You are too injured to fight recklessly!
You are too injured to fight recklessly!
You are too injured to fight recklessly!
You puncture the hornet!
The hornet is severely wounded.
The hornet barely misses you.
You miss the hornet. You punch the hornet.
The hornet is severely wounded.
The hornet misses you. The hornet stings you!
You completely miss the hornet.
The hornet is severely wounded.
The hornet stings you.
* * * LOW HITPOINT WARNING * * *
You puncture the hornet!
The hornet is almost dead.
The hornet stings you!
* * * LOW HITPOINT WARNING * * *
The hornet stings you.
* * * LOW HITPOINT WARNING * * *
You miss the hornet.
The hornet is almost dead.
The hornet stings you but does no damage.
You closely miss the hornet.
The hornet is almost dead.
The hornet stings you but does no damage. x2
You hit the hornet but do no damage.
The hornet is almost dead.
The hornet stings you!
You die...

. . .####### ### #......#
#...#..>...# +...#......+
#...y......# #@.....#
######+###......#
#...............#
#...............# #######
#...............# #......
#...............##+##......
#..........................
####..........................
###.#....##+#########...........


You could see a hornet.

Vanquished Creatures
  Prince Ribbit (D:8)
  2 water moccasins
  A centaur (D:7)
  A kobold brigand (D:6)
  5 necrophages (D:5)
  6 scorpions
  2 bullfrogs
  3 orc priests
  4 hounds
  6 jellies
  Jessica (D:2)
  3 iguanas
  2 orc wizards
  A howler monkey zombie (D:5)
  A gnoll (D:1)
  5 adders
  3 river rats (Sewer)
  A shadow imp (D:6)
  2 white imps (D:5)
  An ufetubus (D:7)
  3 worms
  2 dart slugs
  22 orcs
  12 bats
  17 endoplasms
  5 giant cockroaches
  5 goblins
  6 hobgoblins
  3 jackals (D:4)
  3 quokkas
  5 ball pythons
  9 frilled lizards
  11 kobolds
  11 rats
165 creatures vanquished.

Vanquished Creatures (others)
  38 foxfires
  10 plants (D:5)
48 creatures vanquished.

Grand Total: 213 creatures vanquished

Notes
Turn   | Place    | Note
-------+----------+-------------------------------------------
     0 | D:1      | browni3141 the Mummy Cinder Acolyte began the quest for the
                  | Orb.
     0 | D:1      | Reached XP level 1. HP: 18/18 MP: 2/2
    27 | D:1      | Found a faded altar of an unknown god.
   136 | D:1      | Reached skill level 3 in Polearms
   136 | D:1      | Reached XP level 2. HP: 17/24 MP: 4/4
   436 | D:1      | Gained mutation: You are in touch with the powers of death.
                  | [Mummy growth]
   436 | D:1      | Reached XP level 3. HP: 29/29 MP: 5/5
   826 | D:2      | Found Rolocipi's Weapon Emporium.
   838 | D:2      | Reached skill level 1 in Armour
   893 | D:2      | Found Poewul's Distillery.
  1030 | D:2      | Reached XP level 4. HP: 20/35 MP: 6/6
  1172 | D:2      | Noticed Jessica
  1196 | D:2      | Killed Jessica
  1629 | D:3      | Reached skill level 4 in Polearms
  1629 | D:3      | Reached XP level 5. HP: 41/41 MP: 7/7
  1854 | D:3      | Found a shimmering blue altar of Sif Muna.
  1869 | D:3      | Found an iron altar of Okawaru.
  2272 | D:3      | Found Ygeesaon's Magic Scroll Shop.
  2501 | D:4      | Reached skill level 1 in Throwing
  2506 | D:4      | Found a bloodstained altar of Trog.
  2641 | D:4      | Reached XP level 6. HP: 47/47 MP: 8/8
  2654 | D:4      | Reached skill level 5 in Polearms
  2724 | D:4      | Found a staircase to the Ecumenical Temple.
  3383 | D:5      | Entered Level 5 of the Dungeon
  3521 | D:5      | Reached XP level 7. HP: 13/52 MP: 9/9
  3660 | D:5      | Learned a level 2 spell: Scorch
  3722 | D:5      | Reached skill level 1 in Stealth
  3801 | D:5      | Reached skill level 1 in Dodging
  3961 | D:5      | Found a hide-covered altar of Uskayaw.
  4069 | D:5      | Found a blossoming altar of Fedhas.
  4556 | D:5      | Reached XP level 8. HP: 59/59 MP: 10/10
  4758 | D:6      | Found a sacrificial altar of Ru.
  4875 | D:6      | Found a glowing drain.
  4890 | Sewer    | Entered a sewer
  5251 | Sewer    | Found a viscous altar of Jiyva.
  5485 | D:6      | Found a shadowy altar of Dithmenos.
  5502 | D:6      | Reached skill level 6 in Polearms
  5641 | D:6      | Found a stormy altar of Qazlal.
  5834 | D:7      | Reached skill level 1 in Evocations
  5967 | D:7      | Found a broken altar of Ashenzari.
  6469 | D:7      | Found a basalt altar of Yredelemnul.
  6977 | D:8      | Noticed Prince Ribbit
  7005 | D:8      | Killed Prince Ribbit
  7006 | D:8      | Reached XP level 9. HP: 14/66 MP: 11/11
  7258 | D:8      | Slain by a hornet

Illustrated notes

Levels and vault maps discovered:
D:1:      giann_forest_graveyard, layout_basic, basic_ecumenical_altar,
          minmay_misc_feat_enclosed, feat_on_display
D:2:      layout_basic, serial_shops, shop, shop, serial_park_tiny_1,
          minmay_pentomino_w4, uniq_jessica
D:3:      layout_loops_ring, mainiacjoe_overflow_catwalk_spiral, serial_shops,
          nicolae_shop_waterfront
D:4:      layout_cave_pods, jmf_multi_god_temple, minmay_temple_entry_large_hall
D:5:      layout_basic, fedhas_altar_decomposition,
          nicolae_uskayaw_murder_on_the_dancefloor, minmay_circle_x
D:6:      layout_rooms, nicolae_qazlal_eye_of_the_storm,
          nicolae_dithmenos_shadow_blocks, old_standard_altar,
          cheibrodos_sewer_entry_bend, serial_corexii_hall,
          corexii_hall_statues_l, corexii_hall_statues_l
D:7:      minmay_klotski, layout_basic, kennysheep_ying_yang, lemuel_tele_altar
D:8:      layout_gridville, nzn_hepliaklqana_mist_gate,
          lemuel_zombie_altar_kikubaaqudgha, lair_entry_dummy,
          uniq_prince_ribbit1, uniq_erica

Skill      XL: |  1  2  3  4  5  6  7  8 |
---------------+-------------------------+-----
Polearms       | 3 4 5 6 |  6.3
Armour         | 1 2 3 4 |  4.3
Throwing       | 1 3 4 |  4.0
Stealth        | 1 2 |  2.7
Dodging        | 1 2 |  2.5
Fighting       | 4 |  4.4
Evocations     | 1 |  1.5
Spellcasting   | |  1.3
Fire Magic     | |  2.4

Action                     |  1- 3 |  4- 6 |  7- 9 || total
---------------------------+-------+-------+-------++-------
  Melee: Spear             |   154 |   239 |   447 ||   840
         Punch             |     1 |     1 |     4 ||     6
         Trident           |       |       |    63 ||    63
  Throw: Dart              |       |     4 |    11 ||    15
 Invoke: Fiery Armour      |     1 |     1 |       ||     2
         Foxfire Swarm     |       |     2 |     1 ||     3
    Use: Scroll            |       |     5 |       ||     5
 Armour: Robe              |     9 |       |       ||     9
         Chain mail        |    61 |    93 |    42 ||   196
         Plate armour      |       |       |   120 ||   120
  Dodge: Dodged            |    43 |    58 |   121 ||   222

Table legend: (Time is in decaauts)
 A = Elapsed time spent in this place.
 B = Non-inter-level travel time spent in this place.
 C = Inter-level travel time spent in this place.
 D = Time resting spent in this place.
 E = Time spent auto-exploring this place.
 F = Levels seen in this place.
 G = Mean time per level.
                   A        B        C        D        E       F      G
               +--------+--------+--------+--------+--------+-----+--------+
         Total |   7175 |   6879 |    296 |    264 |   5014 |   9 |  797.2 |
       Dungeon |   6676 |   6380 |    296 |    264 |   4682 |   8 |  834.5 |
         Sewer |    498 |    498 |      0 |      0 |    332 |   1 |  498.0 |
               +--------+--------+--------+--------+--------+-----+--------+

Top non-repeatable levels by time:
     D:5: 1263 daAuts
     D:4: 997 daAuts
     D:7: 903 daAuts
     D:3: 877 daAuts
     D:1: 812 daAuts
     D:2: 670 daAuts
     D:6: 634 daAuts
     D:8: 517 daAuts
   Sewer: 498 daAuts
